 Dungeon Crawl Stone Soup version 0.28-a0-1128-gb845255321 (webtiles) character file.

Game seed: 7086670886510146522

110925 Peloso the Fencer (level 16, -31/137 (152) HPs)
             Began as a Minotaur Fighter on Dec 12, 2021.
             Was the Champion of Okawaru.
             Killed from afar by a halazid warlock (41 damage)
             ... with a bolt of negative energy
             ... in the Desolation of Salt.
             The game lasted 01:15:45 (31970 turns).

Peloso the Fencer (Minotaur Fighter)               Turns: 31970, Time: 01:15:46

HP:   -31/137 (152) AC: 24    Str: 26    XL:     16   Next: 8%
MP:   1/15          EV: 11    Int:  3    God:    Okawaru [******]
Gold: 2212          SH: 20    Dex: 15    Spells: 15/15 levels left

rFire   + . .      SeeInvis +   a - +4 double sword (venom)
rCold   + + +      Faith    +   c - +0 tower shield
rNeg    . . .      Spirit   .   K - +2 chain mail {rC+}
rPois   .          Reflect  .   V - +0 hat "Cocaod" {rF+ rC++}
rElec   .          Harm     .   h - +1 cloak
rCorr   .          Rampage  .   T - +2 pair of gloves {infuse}
Will    ++...                   l - +0 pair of boots
Stlth   ..........              S - amulet of faith
HPRegen 1.12/turn               w - ring of willpower
MPRegen 0.14/turn               H - +4 ring of slaying

@: drained
A: horns 2, retaliatory headbutt, thin skeletal structure 1, see invisible,
dopey 1, regeneration 1
a: Renounce Religion, Heroism, Finesse, Duel


You were in the Desolation of Salt.
You worshipped Okawaru.
Okawaru was exalted by your worship.
You visited 4 branches of the dungeon, and saw 24 of its levels.
You also visited: Ossuary and Desolation.

You collected 2615 gold pieces.
You spent 403 gold pieces at shops.

Inventory:

Hand Weapons
 a - a +4 double sword of venom (weapon)
 b - a +6 scimitar of flaming
Armour
 c - a +0 tower shield (worn)
 h - a +1 cloak (worn)
 l - a +0 pair of boots (worn)
 K - a +2 chain mail of cold resistance (worn)
 M - a +0 chain mail of fire resistance
 T - a +2 pair of gloves of infusion (worn)
 V - the +0 hat "Cocaod" (worn) {rF+ rC++}
   (Okawaru gifted it to you on level 6 of the Lair of Beasts)

   rF:        It protects you from fire.
   rC:        It greatly protects you from cold.
Jewellery
 w - a ring of willpower (left hand)
 H - a +4 ring of slaying (right hand)
 S - an amulet of faith (around neck)
 W - a ring of flight
Scrolls
 e - a scroll of fog
 k - 3 scrolls of teleportation
 o - 11 scrolls of identify
 y - 4 scrolls of magic mapping
 A - 2 scrolls of blinking
 C - 3 scrolls of fear
 F - 2 scrolls of noise
 P - a scroll of acquirement
Potions
 d - 3 potions of might
 i - 2 potions of berserk rage
 q - 5 potions of haste
 s - 4 potions of flight
 v - 6 potions of curing
 I - a potion of heal wounds
 R - 2 potions of resistance


   Skills:
 + Level 16.5 Fighting
 + Level 18.0 Long Blades
 + Level 16.4 Armour
 + Level 7.4 Dodging
 + Level 2.0 Stealth
 + Level 17.6 Shields
 + Level 0.8 Unarmed Combat
 + Level 1.1 Invocations
 + Level 1.4 Evocations


You had 15 spell levels left.
You didn't know any spells.
Your spell library contained the following spells:

 Spells                   Type           Power      Damage    Failure   Level
 Apportation              Tloc           0%         N/A       99%         1
 Pain                     Necr           0%         1d4       99%         1
 Slow                     Hex            0%         N/A       99%         1
 Sting                    Tmut/Pois      0%         1d3       99%         1
 Blink                    Tloc           0%         N/A       100%        2
 Poisonous Vapours        Pois/Air       0%         N/A       100%        2
 Confusing Touch          Hex            0%         N/A       100%        3
 Gell's Gravitas          Tloc           0%         N/A       100%        3
 Lesser Beckoning         Tloc           0%         N/A       100%        3
 Portal Projectile        Hex/Tloc       0%         N/A       100%        3
 Teleport Other           Tloc           0%         N/A       100%        3
 Vampiric Draining        Necr           0%         2d6       100%        3
 Hailstorm                Conj/Ice       0%         3d3       100%        4
 Ice Form                 Ice/Tmut       0%         N/A       100%        4
 Leda's Liquefaction      Hex/Erth       0%         N/A       100%        4
 Olgreb's Toxic Radiance  Pois           0%         N/A       100%        4
 Alistair's Intoxication  Tmut/Pois      0%         N/A       100%        5
 Blade Hands              Tmut           0%         N/A       100%        5
 Borgnjor's Vile Clutch   Necr/Erth      0%         N/A       100%        5
 Fireball                 Conj/Fire      0%         3d3       100%        5
 Manifold Assault         Tloc           0%         N/A       100%        5
 Yara's Violent Unravell  Hex/Tmut       0%         3d3       100%        5
 Dispersal                Tloc           0%         N/A       100%        6
 Iron Shot                Conj/Erth      0%         9d1       100%        6
 Starburst                Conj/Fire      0%         6d3       100%        6
 Ignition                 Fire           0%         3d3       100%        8
 Animate Skeleton         Necr           Unusable   N/A       N/A         1
 Call Canine Familiar     Summ           Unusable   N/A       N/A         3
 Animate Armour           Summ/Erth      Unusable   N/A       N/A         4
 Simulacrum               Ice/Necr       Unusable   N/A       N/A         6

Dungeon Overview and Level Annotations

Branches:
Dungeon (15/15)            Temple (0/1) D:7            Lair (6/6) D:10
 Shoals (0/4) Lair:4        Snake (0/4) Lair:3        Slime (0/5) Lair:5
    Orc (2/2) D:10            Elf (1/3) Orc:2        Vaults (0/5) D:14
 Depths (0/4) D:15        Ossuary (visited)         Desolation (1/1)

Altars:
Ashenzari
Gozag
Hepliaklqana
Kikubaaqudgha
Makhleb
Nemelex Xobeh
Okawaru
Ru
Vehumet
Wu Jian
Xom
Yredelemnul
Zin
Beogh
Jiyva

Shops:
D:8 :   Orc:2 [!:[**


Innate Abilities, Weirdness & Mutations

You have a pair of horns on your head.
You reflexively headbutt those who attack you in melee.
You have a somewhat thin skeletal structure. (Dex +2, Stealth+)
You have supernaturally acute eyesight. (SInv)
You are dopey. (Int -2)
Your natural rate of healing is unusually fast.


Message History

The halazid warlock casts a spell at you.
The bolt of negative energy hits you!!
You feel drained.
* * * LOW HITPOINT WARNING * * *
The saltling misses you.
You barely miss the halazid warlock.
Your headbutt misses the halazid warlock.
The halazid warlock is moderately damaged.
You block the saltling's attack. x2
The saltling hits you but does no damage.
The halazid warlock touches you but does no damage.
Unknown command.
You closely miss the halazid warlock.
The halazid warlock is moderately damaged.
You block the saltling's attack. x2
The saltling hits you but does no damage.
The saltling closely misses you. You furiously retaliate!
You headbutt the saltling.
Unknown command.
You slice the halazid warlock!! You headbutt the halazid warlock.
The halazid warlock is severely damaged.
The saltling hits you but does no damage.
You block the halazid warlock's attack. The saltling hits you!
* * * LOW HITPOINT WARNING * * *
The saltling barely misses you.
Unknown command.
You closely miss the halazid warlock.
Your headbutt misses the halazid warlock.
The halazid warlock is severely damaged.
You block the saltling's attack.
The halazid warlock touches you but does no damage.
The saltling completely misses you. You furiously retaliate!
You headbutt the saltling, but do no damage.
The saltling closely misses you.
You don't have enough magic at the moment.
You miss the halazid warlock.
The halazid warlock is severely damaged.
You block the saltling's attack.
The halazid warlock points at you and mumbles some strange words.
The bolt of negative energy hits you!!!
You feel drained.
You die...

... .# §§ .... .
.§ § ..... .
.§§§§
.....§§§§§§§.§§§
....§.§§§§§§.§..
...§.§§§§§§§§§.#
......§§L9§.§§§§
.....§§@9§.....
...§..§.§9§..§§§
..§..§§.§§§§§§§.
..§...§§§§..§§#.
.....§...§......
...........§§...
...#.......§§.§§
..#..........§§§


You could see a halazid warlock and 3 saltlings.

Vanquished Creatures
  Kirke (Lair:5)
  Louise (D:15)
  Nessos (Lair:4)
  A fire dragon (D:15)
  3 ragged hierophants
  A yaktaur captain (D:14)
  An ice dragon (D:15)
  Erolcha (D:10)
  6 hydras
  4 boulder beetles
  4 catoblepae
  4 centaur warriors
  A peacekeeper (Desolation)
  6 two-headed ogres
  Harold (D:8)
  The ghost of bgiannan the Cleaver, a novice HOFi of Beogh (D:8)
  The ghost of makewrite the Basher, a novice MiMo of Yredelemnul (D:9)
  18 death yaks
  2 orc high priests (Orc:2)
  A slime creature (D:12)
  2 deep elf knights (Elf:1)
  Nergalle (Lair:3)
  2 orc knights
  A deep elf zephyrmancer (Elf:1)
  10 deep elf pyromancers
  4 orc sorcerers (Orc:2)
  7 cyclopes
  7 ugly things
  2 spectral centaurs (D:9)
  24 elephants
  4 manticores
  A guardian serpent (Desolation)
  6 black mambas
  Joseph (D:8)
  15 cane toads
  A gargoyle (D:10)
  An unseen horror (D:13)
  Maggie (D:6)
  A freezing wraith (D:12)
  4 kobold demonologists (D:10)
  3 rime drakes
  The ghost of ChaosChampion the Martial Artist, a novice OpTm (D:5)
  Psyche (D:9)
  4 yaktaurs
  14 komodo dragons
  3 trolls
  A merfolk (Lair:4)
  3 polar bears
  3 meliai (D:13)
  3 saltlings (Elf:1)
  A hornet (D:8)
  Prince Ribbit (Lair:3)
  30 blink frogs
  A meliai zombie (D:9)
  13 dream sheep
  A centaur simulacrum (D:15)
  4 wraiths
  3 shadows
  7 humans (Lair:5)
  3 wyverns
  43 yaks
  7 basilisks
  A yak (shapeshifter) (D:13)
  4 steam dragons
  7 vampire mosquitoes
  A warg (Orc:2)
  A swamp worm (shapeshifter) (D:13)
  4 acid dragons
  12 water moccasins
  30 orc warriors
  2 black bears
  A swamp drake (shapeshifter) (D:12)
  A necrophage (D:8)
  4 centaurs
  9 ogres
  4 boggarts (D:15)
  14 wolves
  10 kobold brigands
  16 bullfrogs
  2 gnoll sergeants
  15 scorpions
  A water moccasin skeleton (D:5)
  9 killer bees
  2 howler monkeys
  3 electric eels
  8 centaur zombies
  3 human zombies (Ossuary)
  A centaur skeleton (D:4)
  2 jellies (D:6)
  29 orc priests
  A gnoll shaman (D:9)
  A hound (D:6)
  3 scorpion zombies (Ossuary)
  6 hell rats (Lair:3)
  3 iguanas
  33 orc wizards
  2 killer bee zombies
  A hound zombie (D:5)
  A hound skeleton (D:4)
  3 mummies (Ossuary)
  2 howler monkey zombies
  14 gnolls
  8 adders
  A white imp (D:5)
  2 worms
  A dart slug (D:5)
  85 orcs
  6 endoplasms (D:1)
  3 giant cockroaches
  3 gnoll zombies (Ossuary)
  8 goblins
  4 hobgoblins
  3 jackals (D:2)
  4 quokkas
  8 ball pythons
  4 bats
  3 frilled lizards
  3 goblin zombies (Ossuary)
  31 kobolds
  A kobold zombie (Ossuary)
  10 rats
  A butterfly (Lair:2)
759 creatures vanquished.

Vanquished Creatures (others)
  A cane toad (Lair:4)
  A gnoll (D:9)
  3 bushes
  34 fungi
  40 plants
79 creatures vanquished.

Grand Total: 838 creatures vanquished

Notes
Turn   | Place    | Note
-------+----------+-------------------------------------------
     0 | D:1      | Peloso the Minotaur Fighter began the quest for the Orb.
     0 | D:1      | Reached XP level 1. HP: 19/19 MP: 0/0
   174 | D:1      | Reached XP level 2. HP: 27/27 MP: 1/1
   186 | D:1      | Reached skill level 3 in Long Blades
   703 | D:1      | Reached XP level 3. HP: 33/33 MP: 2/2
   751 | D:1      | Found a faded altar of an unknown god.
  1517 | D:2      | Reached XP level 4. HP: 40/40 MP: 3/3
  2026 | D:3      | Found a sparkling altar of Nemelex Xobeh.
  2170 | D:3      | Reached skill level 4 in Long Blades
  2501 | D:4      | Noticed a gnoll sergeant
  2665 | D:4      | Reached skill level 5 in Armour
  2873 | D:4      | Reached XP level 5. HP: 45/46 MP: 4/4
  3123 | D:4      | Reached skill level 1 in Dodging
  3391 | D:4      | Found a burning altar of Makhleb.
  3442 | D:4      | Noticed a black bear
  3465 | D:4      | Killed a black bear
  3466 | D:4      | Reached skill level 5 in Long Blades
  3466 | D:4      | Reached XP level 6. HP: 29/53 MP: 5/5
  3940 | D:5      | Entered Level 5 of the Dungeon
  3940 | D:5      | Found a runed translucent gate.
  3940 | D:5      | Found a runed translucent gate.
  3940 | D:5      | Found a runed translucent gate.
  3948 | D:5      | Noticed ChaosChampion's ghost (novice OpTm)
  4050 | D:5      | Reached skill level 6 in Long Blades
  4050 | D:5      | Reached XP level 7. HP: 56/60 MP: 6/6
  4154 | D:5      | Reached skill level 5 in Fighting
  4229 | D:5      | Found a basalt altar of Yredelemnul.
  4574 | D:5      | Reached skill level 7 in Long Blades
  5298 | D:6      | Noticed a troll
  5320 | D:6      | Killed a troll
  5321 | D:6      | Reached skill level 8 in Long Blades
  5321 | D:6      | Reached skill level 5 in Shields
  5321 | D:6      | Reached XP level 8. HP: 37/69 MP: 7/7
  5509 | D:6      | Found an opulent altar of Gozag.
  5858 | D:6      | Reached skill level 9 in Long Blades
  6343 | D:6      | Noticed Maggie
  6348 | D:6      | Paralysed by Maggie for 4 turns
  6364 | D:6      | Paralysed by Maggie for 3 turns
  6377 | D:6      | Killed Maggie
  6378 | D:6      | Reached XP level 9. HP: 17/75 MP: 8/8
  6974 | D:7      | Found a sand-covered staircase.
  6980 | Ossuary  | Entered an ossuary
  7309 | Ossuary  | Reached skill level 10 in Long Blades
  7775 | D:7      | Reached skill level 11 in Long Blades
  8301 | D:7      | Found an iron altar of Okawaru.
  8387 | D:7      | Became a worshipper of Warmaster Okawaru
  8557 | D:7      | Found a staircase to the Ecumenical Temple.
  8951 | D:8      | Noticed Harold
  8951 | D:8      | Found Oseoll's Book Emporium.
  8958 | D:8      | Killed Harold
  8959 | D:8      | Reached XP level 10. HP: 82/90 MP: 9/9
  8960 | D:8      | Reached * piety under Okawaru
  9171 | D:8      | Reached skill level 10 in Armour
  9271 | D:8      | Found a broken altar of Ashenzari.
  9281 | D:8      | Found a transporter.
  9287 | D:8      | Noticed bgiannan's ghost (novice HOFi)
  9292 | D:8      | Found a transporter.
  9754 | D:8      | Noticed Joseph
  9769 | D:8      | Killed Joseph
 10309 | D:8      | Found an ancient bone altar of Kikubaaqudgha.
 10596 | D:9      | Noticed Psyche
 10611 | D:9      | Identified the +1 ring mail of Leh Zuly {Dex+4}
 10622 | D:9      | Killed Psyche
 10623 | D:9      | Reached skill level 12 in Long Blades
 11078 | D:9      | Found a runed translucent gate.
 11079 | D:9      | Found a runed translucent gate.
 11080 | D:9      | Found a runed translucent gate.
 11080 | D:9      | Noticed a spectral centaur warrior
 11081 | D:9      | Noticed a spectral centaur warrior
 11081 | D:9      | Noticed makewrite's ghost (novice MiMo)
 11081 | D:9      | Found the +5 scythe "Finisher" {speed, eviscerate}
 11252 | D:9      | Found an ornate altar of the Wu Jian Council.
 11519 | D:9      | Noticed a two-headed ogre
 11520 | D:9      | Found a shimmering altar of Xom.
 11521 | D:9      | Found a hazy altar of Hepliaklqana.
 11527 | D:9      | Killed a two-headed ogre
 11527 | D:9      | Reached ** piety under Okawaru
 11676 | D:10     | Entered Level 10 of the Dungeon
 11916 | D:10     | Reached *** piety under Okawaru
 11917 | D:10     | Reached XP level 11. HP: 31/99 MP: 10/10
 11924 | D:10     | Reached skill level 10 in Fighting
 12238 | D:10     | Found a staircase to the Orcish Mines.
 12507 | D:10     | Found a sacrificial altar of Ru.
 12618 | D:10     | Noticed Erolcha
 12625 | D:10     | Killed Erolcha
 12626 | D:10     | Reached skill level 13 in Long Blades
 12858 | D:10     | Gained mutation: You are dopey. (Int -2) [a neqoxec]
 12860 | D:10     | Gained mutation: You sometimes lose the ability to read
                  | scrolls when taking damage. [a neqoxec]
 12867 | D:10     | Noticed a sixfirhy
 12891 | D:10     | Reached skill level 1 in Evocations
 12906 | D:10     | Reached **** piety under Okawaru
 12947 | D:10     | Lost mutation: You are dopey. (Int -2) [potion of mutation]
 12947 | D:10     | Lost mutation: You sometimes lose the ability to read
                  | scrolls when taking damage. [potion of mutation]
 12947 | D:10     | Gained mutation: You are weak. (Str -2) [potion of
                  | mutation]
 12947 | D:10     | Gained mutation: You are partially covered in large bone
                  | plates. (SH +4) [potion of mutation]
 12947 | D:10     | Gained mutation: You are strong-willed. (Will+) [potion of
                  | mutation]
 12948 | D:10     | Lost mutation: You are weak. (Str -2) [potion of mutation]
 12948 | D:10     | Lost mutation: You are strong-willed. (Will+) [potion of
                  | mutation]
 12948 | D:10     | Gained mutation: You have supernaturally acute eyesight.
                  | (SInv) [potion of mutation]
 12948 | D:10     | Gained mutation: Your natural rate of healing is unusually
                  | fast. [potion of mutation]
 12948 | D:10     | Gained mutation: You have hidden genetic defects. [potion
                  | of mutation]
 12948 | D:10     | Gained mutation: Your spells are a little harder to cast,
                  | but a little more powerful. [potion of mutation]
 12949 | D:10     | Lost mutation: You are partially covered in large bone
                  | plates. (SH +4) [potion of mutation]
 12949 | D:10     | Lost mutation: Your spells are a little harder to cast, but
                  | a little more powerful. [potion of mutation]
 12949 | D:10     | Gained mutation: You are robust. (+10% HP) [potion of
                  | mutation]
 12949 | D:10     | Gained mutation: You have a somewhat thin skeletal
                  | structure. (Dex +2, Stealth+) [potion of mutation]
 13114 | D:10     | Found a staircase to the Lair.
 13429 | D:11     | Noticed a two-headed ogre
 13438 | D:11     | Killed a two-headed ogre
 13540 | D:11     | Reached skill level 14 in Long Blades
 13545 | D:11     | Reached ***** piety under Okawaru
 13818 | D:12     | Noticed a two-headed ogre
 13826 | D:12     | Killed a two-headed ogre
 13842 | D:12     | Gained mutation: You are dopey. (Int -2) [hidden defects]
 13950 | D:12     | Noticed a two-headed ogre
 13962 | D:12     | Killed a two-headed ogre
 14035 | D:12     | Reached XP level 12. HP: 121/121 MP: 11/11
 14093 | D:12     | Lost mutation: You are robust. (+10% HP) [hidden defects]
 14093 | D:12     | Lost mutation: You have hidden genetic defects. [hidden
                  | defects expressed]
 14450 | D:12     | Noticed a centaur warrior
 14466 | D:12     | Killed a centaur warrior
 14535 | D:12     | Found a glowing silver altar of Zin.
 14664 | D:12     | Reached skill level 1 in Stealth
 14832 | Lair:1   | Entered Level 1 of the Lair of Beasts
 14852 | Lair:1   | Received a gift from Okawaru
 15168 | Lair:1   | Reached skill level 15 in Long Blades
 15248 | Lair:1   | Reached skill level 10 in Shields
 16164 | Lair:2   | Reached XP level 13. HP: 89/119 MP: 12/12
 16311 | Lair:2   | Reached ****** piety under Okawaru
 17077 | Lair:3   | Noticed Prince Ribbit
 17104 | Lair:3   | Killed Prince Ribbit
 17504 | Lair:3   | Received a gift from Okawaru
 17616 | Lair:3   | Found a staircase to the Snake Pit.
 17764 | Lair:3   | Noticed Nergalle
 17778 | Lair:3   | Killed Nergalle
 17778 | Lair:3   | Received a gift from Okawaru
 17853 | Lair:3   | Reached skill level 1 in Invocations
 17935 | Lair:3   | Got the Compendium of the Five Deaths
 18185 | Orc:1    | Entered Level 1 of the Orcish Mines
 18350 | Orc:1    | Identified a scroll of acquirement
 18364 | Orc:2    | Entered Level 2 of the Orcish Mines
 18375 | Orc:2    | Found a staircase to the Elven Halls.
 18434 | Orc:2    | Found a radiant altar of Vehumet.
 18463 | Orc:2    | Reached skill level 16 in Long Blades
 18526 | Orc:2    | Found Diutsikk's Specific Store.
 18611 | Orc:2    | Reached skill level 5 in Dodging
 18789 | Orc:2    | Found Dallet's General Store.
 18812 | Orc:2    | Bought a scroll of identify for 26 gold pieces
 18812 | Orc:2    | Bought a scroll of identify for 26 gold pieces
 18871 | Orc:2    | Paralysed by an orc sorcerer for 7 turns
 18997 | Orc:2    | Found Gaxkos's Book Emporium.
 18997 | Orc:2    | Found Dunak's Armour Shoppe.
 18998 | Orc:2    | Found Qanotori's Distillery.
 19003 | Orc:2    | Found Nouck's Armour Emporium.
 19009 | Orc:2    | Bought a potion of mutation for 120 gold pieces
 19012 | Orc:2    | Bought a +1 pair of gloves of infusion for 231 gold pieces
 19758 | D:13     | Reached XP level 14. HP: 128/133 MP: 6/13
 20045 | D:13     | Identified the +2 pair of boots "Utwoeneif" {rCorr SInv}
                  | (Okawaru gifted it to you on level 13 of the Dungeon)
 20045 | D:13     | Received a gift from Okawaru
 20436 | D:13     | Reached skill level 15 in Armour
 21543 | D:14     | Reached skill level 15 in Fighting
 21687 | D:14     | Found a gate to the Vaults.
 22115 | D:5      | Killed ChaosChampion's ghost
 22495 | D:8      | Killed bgiannan's ghost
 22649 | D:9      | Killed makewrite's ghost
 22694 | D:9      | Acquired a +3 double sword of venom
 23278 | Lair:4   | Noticed Nessos
 23297 | Lair:4   | Killed Nessos
 23297 | Lair:4   | Received a gift from Okawaru
 23640 | Lair:4   | Reached skill level 15 in Shields
 23777 | Lair:4   | Found a sacrificial altar of Ru.
 24095 | Lair:4   | Reached skill level 17 in Long Blades
 24146 | Lair:4   | Found a staircase to the Shoals.
 24839 | Lair:5   | Noticed Kirke
 24863 | Lair:5   | Killed Kirke
 25185 | Lair:5   | Found a staircase to the Slime Pits.
 25189 | Lair:5   | Found a viscous altar of Jiyva.
 25243 | Lair:5   | Reached XP level 15. HP: 94/141 MP: 0/14
 26264 | Lair:6   | Entered Level 6 of the Lair of Beasts
 26357 | Lair:6   | Identified the +0 hat "Cocaod" {rF+ rC++} (Okawaru gifted
                  | it to you on level 6 of the Lair of Beasts)
 26357 | Lair:6   | Received a gift from Okawaru
 28061 | Lair:6   | Identified the ring of Satisfaction {*Corrode EV+4 Int+4}
 28231 | Lair:6   | Identified the +5 cloak of the Louse {rC++ Dex-3} (Okawaru
                  | gifted it to you on level 6 of the Lair of Beasts)
 28231 | Lair:6   | Received a gift from Okawaru
 29003 | D:15     | Entered Level 15 of the Dungeon
 29390 | D:15     | Found an ancient bone altar of Kikubaaqudgha.
 29667 | D:15     | Noticed Louise
 29680 | D:15     | Killed Louise
 30188 | D:15     | Found a staircase to the Depths.
 31767 | Elf:1    | Entered Level 1 of the Elven Halls
 31884 | Elf:1    | Found a crumbling gateway.
 31896 | Elf:1    | Reached XP level 16. HP: 117/152 MP: 0/15
 31913 | Elf:1    | Reached skill level 18 in Long Blades
 31921 | Desolati | Entered the Desolation of Salt
 31970 | Desolati | Killed from afar by a halazid warlock

Illustrated notes

Levels and vault maps discovered:
D:1:      matt_arrival_grand_opening, layout_basic,
          shapermc_ecumenical_altar_mp_vishouse
D:2:      layout_loops_cross, chequers_serial_rivers_large_a,
          hangedman_decor_growths
D:3:      layout_basic, nemelex_spade_bored_becter
D:4:      layout_rooms, bloody_makhleb, nrook_uturn
D:5:      layout_loops_cross, nicolae_overflow_hidden_temple,
          biasface_ghost_orc_armoury, portal_sewer_entry_e
D:6:      layout_cave_pods, nicolae_gozag_seed_capital, minivault_19,
          uniq_maggie
D:7:      layout_loops_corners, mainiacjoe_overflow_concentric_impassable,
          lemuel_temple_firewalk_a, nicolae_ossuary_entry_plus
D:8:      layout_layer_cave, old_standard_altar,
          mainiacjoe_overflow_cross_hatched, serial_shops,
          nicolae_stop_n_shop_1, gammafunk_ghost_arena,
          chequers_serial_rivers_room_a, fungi_pond_lemuel,
          grunt_decor_junction, patterned_corridor, uniq_joseph, uniq_harold
D:9:      layout_basic, regret_index_temple_of_mockery,
          nzn_wu_jian_council_hall, gammafunk_ghost_necromancy, uniq_psyche
D:10:     layout_irregular_city, nicolae_ru_great_annihilating_truth,
          grunt_lair_entry_orc_guard_hut, hiddenorc2_lemuel, uniq_erolcha
D:11:     layout_gridville
D:12:     layout_roguey, special_room [special_room_orc], zin_scriptorium
D:13:     layout_roguey, minivault_28
D:14:     layout_rooms, david_vaults_2, nicolae_water_bricks
D:15:     grunt_enter_depths_hoard, layout_gridville, kiku_gazebo_pond_becter,
          uniq_louise
Lair:1:   layout_gridlike, beast_lair_carwin_7
Lair:2:   layout_chaotic_city, lemuel_fruit_fields, grunt_megastairs_2
Lair:3:   layout_concentric_octagons, dummy_snake_entry, grunt_megastairs_3,
          uniq_prince_ribbit2, uniq_nergalle
Lair:4:   layout_gridlike, elwin_shoals_entry_rooms, basic_altar,
          lookout_lair_type, ldierk_geyser, hibernation_bobbens, uniq_nessos
Lair:5:   layout_layer_cave, slime_altar_1, lemuel_old_faithful, uniq_kirke
Lair:6:   evilmike_catoblepas_cave, layout_hall_layers, serial_bayou_shore_a,
          grunt_megastairs_4
Orc:1:    layout_caves
Orc:2:    st_orc_mages, layout_diamond_mine, basic_altar,
          nicolae_specific_store, bh_open_orc_temple
Elf:1:    elf_arrival_001, layout_geoelf_octagon,
          portal_desolation_entry_nicolae_nacl, serial_shops,
          nicolae_lakefront_shop, minmay_elf_sorcery
Desolation

Skill      XL: |  1  2  3  4  5  6  7  8  9 10 11 12 13 14 15 16 |
---------------+-------------------------------------------------+-----
Long Blades    | 3 4 5 6 8 9 11 12 14 15 16 17 18 | 18.0
Armour         | 4 5 6 7 8 9 11 12 14 15 16 | 16.4
Fighting       | 4 5 6 8 9 11 12 14 15 16 | 16.5
Shields        | 4 5 6 7 8 10 13 15 17 | 17.6
Dodging        | 1 2 3 4 5 6 7 |  7.4
Evocations     | 1 |  1.4
Stealth        | 1 2 |  2.0
Invocations    | 1 |  1.1
Unarmed Combat | |  0.8

Action                   |  1- 3 |  4- 6 |  7- 9 | 10-12 | 13-15 | 16-18 || total
-------------------------+-------+-------+-------+-------+-------+-------++-------
Melee: Long sword        |    83 |   110 |   339 |     2 |       |       ||   534
       Headbutt          |     7 |    13 |    76 |   146 |   316 |    15 ||   573
       Scimitar          |       |       |       |   674 |   617 |       ||  1291
       Double sword      |       |       |       |       |   535 |    48 ||   583
       Unarmed           |       |       |       |       |     4 |       ||     4
Invok: Heroism           |       |       |       |     6 |     3 |       ||     9
Evoke: Wand              |       |       |       |     4 |     4 |       ||     8
  Use: Scroll            |       |     6 |     7 |    10 |    16 |       ||    39
       Potion            |       |       |     1 |     3 |     2 |     1 ||     7
Armor: Scale mail        |    46 |    44 |       |       |       |       ||    90
       Plate armour      |       |    48 |   253 |    61 |       |       ||   362
       Chain mail        |       |       |       |   245 |   593 |    42 ||   880
Dodge: Dodged            |    38 |    71 |   128 |   213 |   372 |    32 ||   854
Block: Buckler           |    11 |    35 |    94 |    73 |       |       ||   213
       Kite shield       |       |       |       |   214 |    78 |       ||   292
       Tower shield      |       |       |       |       |  1035 |   103 ||  1138

Table legend: (Time is in decaauts)
 A = Elapsed time spent in this place.
 B = Non-inter-level travel time spent in this place.
 C = Inter-level travel time spent in this place.
 D = Time resting spent in this place.
 E = Time spent auto-exploring this place.
 F = Levels seen in this place.
 G = Mean time per level.
                   A        B        C        D        E       F      G
               +--------+--------+--------+--------+--------+-----+--------+
         Total |  31841 |  28740 |   3101 |   1341 |  20667 |  26 | 1224.7 |
       Dungeon |  19976 |  17742 |   2234 |   1025 |  12962 |  15 | 1331.7 |
          Lair |   9510 |   8695 |    815 |    108 |   6592 |   6 | 1585.0 |
  Orcish Mines |   1424 |   1373 |     51 |    108 |    726 |   2 |  712.0 |
   Elven Halls |    144 |    144 |      0 |      0 |      0 |   1 |  144.0 |
       Ossuary |    740 |    740 |      0 |     94 |    386 |   1 |  740.0 |
    Desolation |     44 |     44 |      0 |      6 |      0 |   1 |   44.0 |
               +--------+--------+--------+--------+--------+-----+--------+

Top non-repeatable levels by time:
  Lair:6: 2338 daAuts
     D:9: 2183 daAuts
     D:6: 1948 daAuts
  Lair:4: 1787 daAuts
  Lair:5: 1627 daAuts
    D:10: 1624 daAuts
  Lair:1: 1555 daAuts
     D:8: 1534 daAuts
    D:15: 1507 daAuts
     D:7: 1488 daAuts
     D:5: 1378 daAuts
    D:13: 1346 daAuts
     D:1: 1241 daAuts
     D:3: 1155 daAuts
  Lair:3: 1153 daAuts
